 Dungeon Crawl Stone Soup version 0.31-a0-196-g86fe4a5e66 (webtiles) character file.

Game seed: 3418639116549330941

2 ytrimaz the Grave Robber (level 1, 0/13 HPs)
             Began as a Mummy Necromancer on June 24, 2023.
             Slain by a jackal (2 damage)
             ... on level 1 of the Dungeon.
             The game lasted 00:00:20 (74 turns).

ytrimaz the Grave Robber (Mummy Necromancer)          Turns: 74, Time: 00:00:21

Health: 0/13       AC:  2    Str: 11    XL:     1   Next: 33%
Magic:  1/4        EV: 12    Int: 14    God:
Gold:   24         SH:  0    Dex: 12    Spells: 4/5 levels left

rFire   x . .        (no weapon)
rCold   + . .        (no shield)
rNeg    + + +        a - +0 robe
rPois   ∞            (no helmet)
rElec   .            (no cloak)
rCorr   .            (no gloves)
SInv    .            (no boots)
Will    .....        (no amulet)
Stlth   ++           (no ring)
HPRegen 0.22/turn    (no ring)
MPRegen 0.09/turn

%: faith
@: no status effects
A: cold resistance 1, negative energy resistance 3, torment resistance 2, heat
vulnerability 1, no potions, faith
a: no special abilities


You were on level 1 of the Dungeon.
You visited 1 branch of the dungeon, and saw 1 of its levels.

You collected 24 gold pieces.


Innate Abilities, Weirdness & Mutations

You are immune to poison.
Your flesh is cold resistant. (rC+)
You are immune to negative energy. (rN+++)
You are immune to unholy pain and torment.
You are vulnerable to heat. (rF-)
You do not drink.
You have a special connection with the divine. (Faith)


   Skills:
 - Level 1.5 Dodging
 - Level 1.5 Stealth
 + Level 2.8 Spellcasting
 * Level 4.1 Necromancy


You had 4 spell levels left.
You knew the following spells:

 Your Spells              Type           Power      Damage    Failure   Level
a - Necrotise             Necr           52%        1d6       4%          1

Your spell library contained the following spells:

 Spells                   Type           Power      Damage    Failure   Level
 Vampiric Draining        Necr           13%        2d6       12%         3
 Animate Dead             Necr           13%        N/A       38%         4
 Agony                    Necr           13%        N/A       75%         5

Inventory:

Armour
 a - a +0 robe (worn)

Dungeon Overview and Level Annotations

Branches:
Dungeon (1/15) Zot: 5925

Altars:

#.##.# ..
##....###K..
#......h?...
#...........
#.....J..#
##J####### #hK#
######### ##h#
#.......# #@##
##.#.###.#
##.###.##.#...#
##.#.###.....#
##.## ##....#
##.#.###.#...#
#.#.#.#.##.#.#
#.#.<.#.###...#
#.#.#.#.#.##..##.#
#.###.#.###.#.....#


You could see an endoplasm, 2 jackals and a kobold.


Message History

A kobold comes into view. It is wielding a +4 whip. 😎 MP[-1]
You lost 1 mp, and now have 2/4 mp.
The endoplasm barely resists.
The kobold shouts!
An endoplasm comes into view. 😎 MP[-1]
You lost 1 mp, and now have 1/4 mp.
The endoplasm freezes you.
You are frozen.
You resist.
The endoplasm writhes in agony.
The endoplasm quivers.
A jackal comes into view.
The endoplasm hits you. 😕 HP[-1] MP[-1]
You take 1 damage, and now have 12/13 hp.
You lost 1 mp, and now have 0/4 mp.
The endoplasm attacks as you move away! The endoplasm closely misses you.
The endoplasm attacks as you move away! The endoplasm barely misses you.
The giant cockroach attacks as you move away!
The giant cockroach closely misses you.
The jackal barks!
The endoplasm closely misses you.
A kobold comes into view. It is wielding a +0 dagger.
The endoplasm attacks as you move away!
The endoplasm hits you but does no damage.
The giant cockroach attacks as you move away!
The giant cockroach barely misses you. 😎 HP[+1]
Your hp is fully restored (13).
The giant cockroach barely misses you. The giant cockroach closely misses you.
The giant cockroach closely misses you.
The giant cockroach barely misses you. 😎 MP[+1]
The giant cockroach bites you. 😕 HP[-1]
You take 1 damage, and now have 12/13 hp.
The giant cockroach misses you. 😎 HP[+1]
Your hp is fully restored (13).
The giant cockroach barely misses you. x2
A jackal comes into view.
The giant cockroach closely misses you.
Aiming: Necrotise (safe; 4% risk of failure)
Press: ? - help, Q - select action Shift-Dir - straight line, f/p - endoplasm
Aim: an endoplasm (almost dead, chance to affect: 83%)
The giant cockroach writhes in agony.
You kill the giant cockroach! 😎 MP[-1]
You lost 1 mp, and now have 0/4 mp.
The goblin hits you but does no damage.
The goblin hits you with a +0 dagger. 😮 HP[-4]
You take 4 damage, and now have 9/13 hp.
MASSIVE DAMAGE!! (PAUSE)
The goblin hits you with a +0 dagger. 😮 HP[-2]
You take 2 damage, and now have 7/13 hp.
The goblin barely misses you. The goblin closely misses you.
The goblin hits you with a +0 dagger. 😮 MP[+1]
The goblin misses you.
Aiming: Necrotise (safe; 4% risk of failure)
Press: ? - help, Q - select action Shift-Dir - straight line, f/p - endoplasm
Aim: an endoplasm (almost dead, chance to affect: 83%)
The goblin writhes in agony.
The goblin hits you with a +0 dagger.
* * * LOW HITPOINT WARNING * * *
😨 HP[-1] MP[-1]
You take 1 damage, and now have 6/13 hp.
You lost 1 mp, and now have 0/4 mp.
Unknown command.
You closely miss the goblin. The goblin hits you with a +0 dagger.
* * * LOW HITPOINT WARNING * * *
😨 HP[-1]
You take 1 damage, and now have 5/13 hp.
You closely miss the goblin. The goblin hits you with a +0 dagger.
* * * LOW HITPOINT WARNING * * *
The endoplasm jiggles. 😱 HP[-2]
You take 2 damage, and now have 3/13 hp.
You closely miss the goblin. The goblin hits you with a +0 dagger.
* * * LOW HITPOINT WARNING * * *
😱 HP[-1]
You take 1 damage, and now have 2/13 hp.
You closely miss the goblin. The goblin misses you.
You hit the goblin.
You kill the goblin! 😱 HP[+1]
You barely miss the jackal.
The jackal bites you but does no damage.
The jackal bites you.
* * * LOW HITPOINT WARNING * * *
😱 HP[-1]
You take 1 damage, and now have 2/13 hp.
Unknown command.
You don't have enough magic to cast this spell.
You hit the jackal. The jackal bites you.
You die...

Action                     || total
---------------------------++-------
  Melee: Unarmed           ||     7
   Cast: Necrotise         ||     6
 Armour: Robe              ||     3
  Dodge: Dodged            ||    17

Levels and vault maps discovered:
D:1:      minmay_arrival_diagonal_passages, layout_basic, minmay_lizard_pond

Notes
Turn   | Place    | Note
-------+----------+-------------------------------------------
     0 | D:1      | ytrimaz the Mummy Necromancer began the quest for the Orb.
     0 | D:1      | Reached XP level 1. HP: 13/13 MP: 4/4
     0 | D:1      | magus.rc [v1.9.6]
    69 | D:1      | HP: 3/13 [goblin/+0 dagger (2)]
    74 | D:1      | Slain by a jackal

Vanquished Creatures
  A giant cockroach (D:1)
  A goblin (D:1)
2 creatures vanquished.

Table legend:
 A = Non-vault XP
 B = Vault XP
 C = Vault XP percentage of total XP
 D = Non-vault monster count
 E = Vault monster count
 F = Vault count percentage of total count
                 A         B        C        D         E       F
            +---------+---------+-------+---------+---------+-------
      Total |       4 |       0 |   0.0 |       2 |       0 |   0.0
            +---------+---------+-------+---------+---------+-------
        D:1 |       4 |       0 |   0.0 |       2 |       0 |   0.0
            +---------+---------+-------+---------+---------+-------

Action                     || total
---------------------------++-------
  Melee: Unarmed           ||     7
   Cast: Necrotise         ||     6
 Armour: Robe              ||     3
  Dodge: Dodged            ||    17

Illustrated notes

Table legend:
 A = Kills in this place as a percentage of kills in the entire game.
 B = Kills by you in this place as a percentage of kills by you in the entire game.
 C = Kills by friends in this place as a percentage of kills by friends in the entire game.
 D = Other kills in this place as a percentage of other kills in the entire game.
 E = Experience gained in this place as a percentage of experience gained in the entire game.
 F = Experience gained in this place divided by the number of levels of this place that you have seen.
                   A       B       C       D       E      F
               +-------+-------+-------+-------+-------+----------------------
         Total | 100.0 | 100.0 |   N/A |   N/A | 100.0 |   4.0
       Dungeon | 100.0 | 100.0 |   N/A |   N/A | 100.0 |   4.0
               +-------+-------+-------+-------+-------+----------------------

Table legend: (Time is in decaauts)
 A = Elapsed time spent in this place.
 B = Non-inter-level travel time spent in this place.
 C = Inter-level travel time spent in this place.
 D = Time resting spent in this place.
 E = Time spent auto-exploring this place.
 F = Levels seen in this place.
 G = Mean time per level.
                   A        B        C        D        E       F      G
               +--------+--------+--------+--------+--------+-----+--------+
         Total |     74 |     74 |      0 |      0 |     39 |   1 |   74.0 |
       Dungeon |     74 |     74 |      0 |      0 |     39 |   1 |   74.0 |
               +--------+--------+--------+--------+--------+-----+--------+

Top non-repeatable levels by time:
     D:1: 74 daAuts
